 Dungeon Crawl Stone Soup version 0.26-b1-32-g5d43845318 (webtiles) character file.

Game seed: 10248967227410358850

4349 Anon1729 the Transmogrifier (level 10, -3/71 HPs)
             Began as a Grey Draconian Transmuter on Jan 5, 2021.
             Was a Follower of Uskayaw.
             Slain by an orc warrior
             ... wielding a +0 flail
              (12 damage)
             ... on level 7 of the Dungeon.
             The game lasted 00:16:24 (8949 turns).

Anon1729 the Transmogrifier (DrTm)                  Turns: 8949, Time: 00:16:25

Health: -3/71      AC: 15    Str: 12    XL:     10   Next: 12%
Magic:  14/15      EV: 12    Int: 18    God:    Uskayaw [*.....]
Gold:   200        SH:  5    Dex: 11    Spells: 5/16 levels left

rFire    . . .     SeeInvis .     - Unarmed
rCold    . . .     Faith    .   (shield currently unavailable)
rNeg     . . .     Spirit   .   (armour unavailable)
rPois    .         Reflect  +   (helmet restricted)
rElec    .         Harm     .   (no cloak)
rCorr    .         Rampage  .   (gloves currently unavailable)
Will     +....                  v - +2 pair of boots
Stlth    +.........             y - amulet of reflection
HPRegen  0.21/turn              l - ring of willpower
MPRegen  0.14/turn              (no ring)

@: blade hands (expiring)
A: walk through water, unfitting armour, unbreathing, cold-blooded, AC +12
a: End Transformation, Renounce Religion, Stomp


You were on level 7 of the Dungeon.
You worshipped Uskayaw.
Uskayaw was noncommittal.
You had blades for hands.
You visited 2 branches of the dungeon, and saw 9 of its levels.

You collected 440 gold pieces.
You spent 240 gold pieces at shops.

Inventory:

Hand Weapons
 d - a +2 dagger of venom (melded)
Armour
 n - a +0 pair of boots
 p - a +2 kite shield
 q - a +0 pair of gloves (melded)
 v - a +2 pair of boots (worn)
Jewellery
 a - an uncursed ring of fire
 l - a ring of willpower (left scythe-like blade)
 y - an amulet of reflection (around neck)
 B - a +6 ring of dexterity {unknown}
Wands
 w - a wand of paralysis (11)
Scrolls
 b - 5 scrolls of teleportation
 e - 3 scrolls of remove curse
 h - 2 scrolls of amnesia
 o - 4 scrolls of enchant weapon
 s - 2 scrolls of fog {unknown}
 z - 2 scrolls of identify
 A - 3 scrolls of enchant armour {unknown}
Potions
 c - 3 potions of attraction
 f - 2 potions of mutation
 g - 2 potions of brilliance {unknown}
 i - 2 potions of curing
 j - 3 potions of lignification
 k - 2 potions of haste
 m - 2 potions of might
 r - 2 potions of flight
 t - a potion of heal wounds
 u - 2 potions of magic {unknown}
 x - a potion of cancellation {unknown}


   Skills:
 - Level 1.1 Fighting
 - Level 1.7 Dodging
 + Level 9.0 Unarmed Combat
 - Level 3.6 Spellcasting
 + Level 10.9 Transmutations
 - Level 3.1 Poison Magic
 + Level 2.2 Invocations


You had 5 spell levels left.
You knew the following spells:

 Your Spells              Type           Power        Failure   Level
a - Beastly Appendage     Tmut           84%          9%          1
b - Wereblood             Tmut           42%          10%         2
c - Spider Form           Tmut/Pois      14%          24%         3
d - Blade Hands           Tmut           21%          32%         5

Your spell library contained the following spells:

 Spells                   Type           Power        Failure   Level
 Ice Form                 Ice/Tmut       23%          56%         4


Dungeon Overview and Level Annotations

Branches:
Dungeon (8/15)             Temple (1/1) D:7
   Lair: D:8-11

Altars:
Ashenzari
Cheibriados
Dithmenos
Elyvilon
Fedhas
Gozag
Hepliaklqana
Kikubaaqudgha
Makhleb
Nemelex Xobeh
Okawaru
Qazlal
Ru
Sif Muna
Trog
Uskayaw
Vehumet
Wu Jian
Xom
Yredelemnul
Zin
The Shining One

Shops:
D:4 *   D:6 [}!


Innate Abilities, Weirdness & Mutations

You can walk through water.
Your dull iron-grey scales are very hard. (AC +12)
You cannot fit into any form of body armour.
You can survive without breathing.
You are cold-blooded and may be slowed by cold attacks.


Message History

You hit the orc but do no damage. The orc warrior barely misses you.
You block the orc's attack.
Unknown command.
You slice the orc!!
You kill the orc!
The orc warrior hits you with a +0 flail!
* * * LOW HITPOINT WARNING * * *
Okay, then.
Press: ? - help, v - describe, . - travel
Here: an orc warrior, wielding a +0 flail and wearing a +0 chain mail The floor.
Unknown command.
Okay, then.
Unknown command.
Things that are here:
a +0 dagger; a +0 ring mail; an orc corpse You can no longer pass through a line of other dancers.
Your transformation is almost over.
The orc warrior hits you with a +0 flail!
You die...

###.#...<.###. ######### ###
#.........# ##
#.......########.###.##......#
...[....##............#.##'######
........##.#..#.......#.##.......
..########..#.....##^....#.#####.
..# #..)#...###...#.#.# #.
..########.#..#o.##....#.#.# ##
.........#.....#@......#.#.# ##
########........#.#.#.##...# #.
#.....##.......###..#####.
##...###.#..#.###..>#...#.
#...##....#.##.........#.
#.......#..##..........#.
#.........##...........#.
#######.###............#. ###
#............#.


You could see an orc warrior.

Vanquished Creatures
  Harold (D:7)
  Pikel (D:6)
  A deep elf mage (D:7)
  Edmund (D:5)
  2 water moccasins
  Duvessa (D:5)
  An orc warrior (D:6)
  2 ice beasts (D:8)
  A black bear (D:6)
  A necrophage (D:6)
  A hornet zombie (D:7)
  3 centaurs
  A water moccasin zombie (D:7)
  A bullfrog (D:7)
  Dowan (D:5)
  4 scorpions
  A water moccasin skeleton (D:4)
  3 howler monkeys (D:8)
  3 centaur zombies
  3 quasits
  2 hounds (D:7)
  4 orc priests
  A centaur skeleton (D:7)
  3 orc wizards
  3 iguanas
  Terence (D:3)
  6 worker ants
  A hound zombie (D:7)
  A hound skeleton (D:4)
  A worker ant zombie (D:7)
  4 gnolls (D:6)
  A howler monkey skeleton (D:4)
  12 adders
  2 shadow imps
  A white imp (D:6)
  An ufetubus (D:6)
  An ooze (D:5)
  An adder zombie (D:6)
  5 worms
  2 dart slugs
  9 leopard geckos
  23 orcs
  7 bats
  4 giant cockroaches
  7 goblins
  2 hobgoblins
  2 jackals (D:1)
  2 quokkas
  A ball python (D:2)
  3 frilled lizards
  5 kobolds
  A quokka skeleton (D:7)
  6 rats
158 creatures vanquished.

Notes
Turn   | Place    | Note
-------+----------+-------------------------------------------
     0 | D:1      | Anon1729 the Draconian Transmuter began the quest for the
                  | Orb.
     0 | D:1      | Reached XP level 1. HP: 16/16 MP: 3/3
   162 | D:1      | Reached XP level 2. HP: 20/23 MP: 5/5
  1136 | D:2      | Reached XP level 3. HP: 16/28 MP: 6/6
  1371 | D:2      | Learned a level 2 spell: Wereblood
  1375 | D:2      | Learned a level 3 spell: Spider Form
  1391 | D:2      | Noticed a centaur
  1403 | D:2      | Killed a centaur
  1404 | D:2      | Reached skill level 1 in Poison Magic
  1404 | D:2      | Reached XP level 4. HP: 6/35 MP: 7/7
  2056 | D:3      | Noticed Terence
  2064 | D:3      | Killed Terence
  2065 | D:3      | Reached skill level 3 in Transmutations
  2065 | D:3      | Reached XP level 5. HP: 19/40 MP: 8/8
  3206 | D:4      | Reached XP level 6. HP: 38/47 MP: 10/10
  3292 | D:4      | Reached skill level 5 in Unarmed Combat
  3351 | D:4      | Found Henyiqon's Assorted Antiques.
  3354 | D:4      | Bought a scroll labelled RIWIKH KYUQ for 23 gold pieces
  3403 | D:4      | Reached skill level 4 in Transmutations
  3891 | D:5      | Entered Level 5 of the Dungeon
  4724 | D:5      | Your scales start taking on a dull iron-grey colour.
  4724 | D:5      | Reached XP level 7. HP: 34/52 MP: 11/11
  4724 | D:5      | Gained mutation: You can survive without breathing. [Grey
                  | Draconian growth]
  4867 | D:5      | Noticed Edmund
  4890 | D:5      | Killed Edmund
  4891 | D:5      | Reached skill level 5 in Transmutations
  5151 | D:5      | Noticed Duvessa
  5152 | D:5      | Noticed Dowan
  5170 | D:5      | Killed Duvessa
  5498 | D:5      | Killed Dowan
  6017 | D:6      | Found Urozygoq's Gadget Shoppe.
  6099 | D:6      | Found Gingast's Antique Armour Emporium.
  6104 | D:6      | Bought a pair of runed boots for 165 gold pieces
  6132 | D:6      | Found Izxoz's Distillery.
  6172 | D:6      | Reached skill level 6 in Transmutations
  6186 | D:6      | Reached XP level 8. HP: 46/59 MP: 13/13
  6261 | D:6      | Bought a potion of might for 52 gold pieces
  6575 | D:5      | Learned a level 5 spell: Blade Hands
  6666 | D:6      | Found a shimmering blue altar of Sif Muna.
  6746 | D:6      | Noticed Pikel
  6752 | D:6      | Killed Pikel
  6753 | D:6      | Reached skill level 7 in Transmutations
  6787 | D:6      | Found an ancient bone altar of Kikubaaqudgha.
  6828 | D:6      | Reached skill level 8 in Transmutations
  7127 | D:6      | Reached XP level 9. HP: 59/64 MP: 10/14
  7521 | D:7      | Reached skill level 9 in Transmutations
  7853 | D:7      | Found a staircase to the Ecumenical Temple.
  7928 | D:7      | Noticed Harold
  7972 | D:7      | Killed Harold
  7973 | D:7      | Reached skill level 10 in Transmutations
  7987 | Temple   | Entered the Ecumenical Temple
  8160 | Temple   | Became a worshipper of Uskayaw the Reveller
  8269 | D:7      | Reached * piety under Uskayaw
  8333 | D:8      | Reached ** piety under Uskayaw
  8335 | D:8      | Reached *** piety under Uskayaw
  8339 | D:8      | Reached **** piety under Uskayaw
  8342 | D:8      | Reached ***** piety under Uskayaw
  8544 | D:8      | Noticed a five-headed hydra
  8544 | D:8      | Noticed a deep elf mage
  8664 | D:8      | Reached skill level 1 in Invocations
  8709 | D:8      | Reached XP level 10. HP: 71/71 MP: 9/15
  8919 | D:7      | Killed a deep elf mage
  8921 | D:7      | HP: 3/71 [orc warrior/+0 flail (14)]
  8949 | D:7      | Slain by an orc warrior

Illustrated notes

Levels and vault maps discovered:
D:1:      minmay_arrival_jagged, layout_basic, serial_forest,
          infiniplex_forest_pool, infiniplex_forest_lined_2,
          infiniplex_forest_lined_corner, infiniplex_forest_clump_double,
          infiniplex_forest_clump_long, infiniplex_forest_lined_2
D:2:      layout_rooms
D:3:      layout_basic, st_stairs_13, uniq_terence
D:4:      layout_rooms, serial_shops, nicolae_shop_behind_doors
D:5:      layout_basic, uniq_edmund, uniq_duvessa
D:6:      layout_rooms, kennysheep_mini, serial_shops, shop, shop_fountains,
          shop_statue, led_sif_pool, uniq_pikel
D:7:      layout_basic, minmay_temple_entry_statues, hangedman_decor_opposing,
          uniq_harold
D:8:      minmay_tri_box, layout_loops_ring
Temple:   kilobyte_greek_temple

Skill      XL: |  1  2  3  4  5  6  7  8  9 10 |
---------------+-------------------------------+-----
Unarmed Combat | 4 5 6 7 8 9 |  9.0
Poison Magic   | 1 2 3 |  3.1
Transmutations | 3 4 6 8 10 | 10.9
Spellcasting   | 3 |  3.6
Invocations    | 1 2 |  2.2
Fighting       | |  1.1
Dodging        | |  1.7

Action                   |  1- 3 |  4- 6 |  7- 9 | 10-12 || total
-------------------------+-------+-------+-------+-------++-------
Melee: Unarmed           |    28 |       |   105 |     9 ||   142
       Tailslap          |     6 |    27 |    36 |     1 ||    70
       Dagger            |    47 |   218 |   284 |     1 ||   550
       Punch             |       |     3 |     3 |       ||     6
       Headbutt          |       |       |     3 |       ||     3
       Kick              |       |       |     4 |       ||     4
 Cast: Wereblood         |       |     1 |       |       ||     1
       Blade Hands       |       |       |    12 |     2 ||    14
       Beastly Appendage |       |       |     3 |       ||     3
       Spider Form       |       |       |     2 |       ||     2
 Abil: End Transformatio |       |       |     1 |       ||     1
Evoke: Wand              |       |       |     1 |       ||     1
  Use: Scroll            |       |    10 |     4 |       ||    14
       Potion            |       |       |     4 |       ||     4
 Stab: Paralysed         |       |       |     3 |       ||     3
Armor: Skin              |    14 |    56 |   192 |     2 ||   264
Dodge: Dodged            |    61 |   142 |   262 |     8 ||   473
Block: Other             |       |       |    37 |     4 ||    41
       Reflection        |       |       |     1 |       ||     1
